 Dungeon Crawl Stone Soup version 0.25.1-2-g60ff931df9 (webtiles) character file.

Game seed: 11500921804703615764

80 wutend the Skirmisher (level 4, -3/42 HPs)
             Began as a Naga Fighter on Sept 25, 2020.
             Slain by a gnoll
             ... wielding a cursed -1 spear
              (4 damage)
             ... on level 2 of the Dungeon.
             The game lasted 00:07:48 (1711 turns).

wutend the Skirmisher (Naga Fighter)                Turns: 1711, Time: 00:07:48

Health: -3/42      AC:  5    Str: 20    XL:     4   Next: 39%
Magic:  4/4        EV:  5    Int:  8    God:
Gold:   120        SH:  9    Dex: 10    Spells: 3/3 levels left

rFire    . . .     SeeInvis +   a - +0 flail
rCold    . . .     Gourm    .   c - +0 kite shield
rNeg     . . .     Faith    .   b - +0 scale mail
rPois    +         Spirit   .   (no helmet)
rElec    .         Reflect  .   (no cloak)
rCorr    +         Harm     .   (no gloves)
MR       .....                  (no barding)
Stlth    ..........             (no amulet)
HPRegen  0.14/turn              l - ring of resist corrosion
MPRegen  0.09/turn              (no ring)

@: very slow
A: large, see invisible, deformed body, poison resistance, slowness 2, slow
metabolism 1, spit poison 1, AC +1
a: Spit Poison


You were on level 2 of the Dungeon.
You were not hungry.

You visited 1 branch of the dungeon, and saw 2 of its levels.

You collected 120 gold pieces.

Inventory:

Hand Weapons
 a - a +0 flail (weapon)
Missiles
 h - 16 poisoned darts (quivered)
Armour
 b - a +0 scale mail (worn)
 c - a +0 kite shield (worn)
Jewellery
 l - a ring of resist corrosion (left hand)
Scrolls
 e - 4 scrolls of identify
 o - a scroll of random uselessness {unknown}
Potions
 d - a potion of might
 i - 3 potions of heal wounds
 j - a potion of lignification {unknown}
 k - 2 potions of curing {unknown}
 m - a potion of degeneration {unknown}
 n - a potion of stabbing {unknown}
Comestibles
 f - 4 rations
 g - 3 chunks of flesh


   Skills:
 + Level 3.5 Fighting
 + Level 2.8 Maces & Flails
 + Level 2.9 Armour
 + Level 2.9 Shields


You had 3 spell levels left.
You didn't know any spells.
Your spell library was empty.

Dungeon Overview and Level Annotations

Branches:
Dungeon (2/15)

Altars:
Kikubaaqudgha
Yredelemnul
The Shining One


Innate Abilities, Weirdness & Mutations

You cannot wear boots.
Your serpentine skin is tough. (AC +1)
You have supernaturally acute eyesight. (SInv)
Armour fits poorly on your strangely shaped body.
Your system is resistant to poisons. (rPois)
You cover ground very slowly.
You have a slow metabolism.
You can spit poison.


Message History

You barely miss the leopard gecko.
The leopard gecko is almost dead.
You block the leopard gecko's attack.
The gnoll hits you from afar with a cursed -1 spear.
* * * LOW HITPOINT WARNING * * *
The leopard gecko bites you but does no damage.
You block the leopard gecko's attack. You block the leopard gecko's attack.
You block the leopard gecko's attack.
The gnoll hits you from afar with a cursed -1 spear.
* * * LOW HITPOINT WARNING * * *
There is an open door, spattered with blood here.
The leopard gecko bites you.
* * * LOW HITPOINT WARNING * * *
The leopard gecko bites you but does no damage.
The gnoll barely misses you.
There is a stone staircase leading down here.
The leopard gecko bites you but does no damage.
The gnoll hits you from afar with a cursed -1 spear.
You die...

###..#$?[#...#
.....#![)#(..#
##..#####...#
#####.......(..##
#........)........#
..###..#.#####.##.#
##....# #.# #
#.#####.....#####.#
#........@........#
#########l#######
#g# #.# ##K##
##.g.## # ##.....##
.. #......K## #.##
#.........###g.(.##


You could see 2 gnolls, a leopard gecko and a kobold.

Vanquished Creatures
  3 adders (D:2)
  An ooze (D:1)
  A leopard gecko (D:2)
  7 bats
  A giant cockroach (D:1)
  7 hobgoblins
  3 jackals (D:1)
  A quokka (D:2)
  6 frilled lizards
  5 goblins
  3 kobolds
  10 rats
48 creatures vanquished.

Notes
Turn   | Place    | Note
-------+----------+-------------------------------------------
     0 | D:1      | wutend the Naga Fighter began the quest for the Orb.
     0 | D:1      | Reached XP level 1. HP: 21/21 MP: 1/1
   176 | D:1      | Reached XP level 2. HP: 27/28 MP: 2/2
   471 | D:1      | Reached XP level 3. HP: 34/34 MP: 3/3
  1101 | D:2      | Found an ancient bone altar of Kikubaaqudgha.
  1137 | D:2      | Found a basalt altar of Yredelemnul.
  1460 | D:2      | Reached XP level 4. HP: 40/42 MP: 4/4
  1541 | D:2      | Found a glowing golden altar of the Shining One.
  1708 | D:2      | HP: 1/42 [leopard gecko (4)]
  1711 | D:2      | Slain by a gnoll

Illustrated notes

Levels and vault maps discovered:
D:1:      nicolae_arrival_memento_mori, layout_loops_ring
D:2:      layout_loops_corners, vehumet_crystals, kiku_gazebo_pond_becter,
          yredelemnul_altar_generic, overflow_temple_1_default,
          due_unseen_surprise

Action                   |  1- 3 |  4- 6 || total
-------------------------+-------+-------++-------
Melee: Flail             |   159 |    42 ||   201
Throw: Dart              |    10 |       ||    10
  Use: Scroll            |     2 |       ||     2
  Eat: Chunk             |     1 |     1 ||     2
Armor: Scale mail        |    89 |    25 ||   114
Dodge: Dodged            |    45 |    14 ||    59
Block: Kite shield       |   100 |    39 ||   139
